 Dungeon Crawl Stone Soup version 0.28-a0-199-g298df9dbad (webtiles) character file.

Game seed: 14418040114709056570

11 Rennog the Skirmisher (level 2, 13/24 HPs)
             Began as a Demonspawn Fighter on Aug 19, 2021.
             Quit the game on level 1 of the Dungeon.
             The game lasted 00:00:29 (178 turns).

Rennog the Skirmisher (Demonspawn Fighter)           Turns: 178, Time: 00:00:29

Health: 13/24      AC:  6    Str: 16    XL:     2   Next: 17%
Magic:  2/2        EV:  6    Int:  9    God:
Gold:   0          SH:  8    Dex: 12    Spells: 1/1 levels left

rFire   . . .      SeeInvis .   a - +0 long sword
rCold   . . .      Faith    .   c - +0 kite shield
rNeg    . . .      Spirit   .   b - +0 scale mail
rPois   .          Reflect  .   (no helmet)
rElec   .          Harm     .   (no cloak)
rCorr   .          Rampage  .   (no gloves)
Will    .....                   (no boots)
Stlth   ..........              (no amulet)
HPRegen 0.08/turn               (no ring)
MPRegen 0.08/turn               (no ring)

@: no status effects
A: demonic magic 1
a: no special abilities


You were on level 1 of the Dungeon.
You visited 1 branch of the dungeon, and saw 1 of its levels.

Inventory:

Hand Weapons
 a - a +0 long sword (weapon)
Armour
 b - a +0 scale mail (worn)
 c - a +0 kite shield (worn)
Scrolls
 f - 2 scrolls of vulnerability {unknown}
Potions
 d - a potion of might
 e - a potion of heal wounds {unknown}
 g - a potion of mutation {unknown}


   Skills:
 + Level 3.2 Fighting
 * Level 2.3 Long Blades
 - Level 2.6 Armour
 - Level 2.6 Shields


You had one spell level left.
You didn't know any spells.
Your spell library contained the following spells:

 Spells                   Type           Power      Damage    Failure   Level
 Sublimation of Blood     Necr           0%         N/A       100%        2
 Petrify                  Tmut/Erth      0%         N/A       100%        4
 Irradiate                Conj/Tmut      0%         3d13      100%        5


Dungeon Overview and Level Annotations

Branches:
Dungeon (1/15)

Altars:


Innate Abilities, Weirdness & Mutations

Spells you cast may paralyse adjacent enemies.


Message History

A hobgoblin comes into view.
You miss the bat. You block the bat's attack.
The bat hits you but does no damage.
You closely miss the bat. You block the bat's attack.
The goblin hits you with a +0 club.
You closely miss the goblin. You block the bat's attack.
The goblin hits you but does no damage. x2
The bat hits you but does no damage.
You barely miss the bat. The bat hits you but does no damage.
You block the bat's attack.
The hobgoblin hits you but does no damage.
The bat hits you but does no damage. The goblin closely misses you.
You riposte.
You barely miss the goblin.
The hobgoblin hits you but does no damage.
You barely miss the bat. You block the bat's attack. x2
The goblin barely misses you.
You riposte.
You completely miss the goblin. The hobgoblin closely misses you.
The bat hits you. The goblin hits you with a +0 club.
You closely miss the bat. The bat hits you but does no damage. x2
The hobgoblin hits you but does no damage.
You block the bat's attack. The goblin hits you with a +0 club.
You block the hobgoblin's attack.
You are too injured to fight recklessly!
You are too injured to fight recklessly!
There are monsters nearby!
There are monsters nearby!
The goblin hits you but does no damage.
You slash the goblin!
You kill the goblin!
You have reached level 2!
Your demonic ancestry asserts itself...
A menacing aura infuses your magic.
You hit the hobgoblin.
You kill the hobgoblin!
The bat hits you but does no damage.
You see here a +0 club.
You slash the bat!
You kill the bat!
You see here a bat corpse.
Are you sure you want to abandon this character and quit the game? (Confirm with "yes".)

############### ######
#....)@........ .....#
#.#####.######
####.######.....b.....#
............#####.###.#
###.#.#####.# #.#
#.###......# #.#
##.#.#####........
##.## #.#####.# ### #.#
#.#


There were no monsters in sight!

Vanquished Creatures
  A ball python (D:1)
  2 bats (D:1)
  An endoplasm (D:1)
  A hobgoblin (D:1)
  A frilled lizard (D:1)
  2 goblins (D:1)
  3 rats (D:1)
11 creatures vanquished.

Notes
Turn   | Place    | Note
-------+----------+-------------------------------------------
     0 | D:1      | Rennog the Demonspawn Fighter began the quest for the Orb.
     0 | D:1      | Reached XP level 1. HP: 18/18 MP: 1/1
   173 | D:1      | Gained mutation: Spells you cast may paralyse adjacent
                  | enemies. [demonic ancestry]
   173 | D:1      | Reached XP level 2. HP: 12/24 MP: 2/2
   178 | D:1      | Quit the game

Illustrated notes

Levels and vault maps discovered:
D:1:      ldierk_walled_garden, layout_loops_ring

Skill      XL: |  1 |
---------------+----+-----
Long Blades    | 2 |  2.3
Fighting       | |  3.2
Armour         | |  2.6
Shields        | |  2.6

Action                   || total
-------------------------++-------
Melee: Long sword        ||    33
Armor: Scale mail        ||    34
Dodge: Dodged            ||    13
Block: Kite shield       ||    20
       Rpst.: Long sword ||     5

Table legend: (Time is in decaauts)
 A = Elapsed time spent in this place.
 B = Non-inter-level travel time spent in this place.
 C = Inter-level travel time spent in this place.
 D = Time resting spent in this place.
 E = Time spent auto-exploring this place.
 F = Levels seen in this place.
 G = Mean time per level.
                   A        B        C        D        E       F      G
               +--------+--------+--------+--------+--------+-----+--------+
         Total |    197 |    197 |      0 |      0 |    109 |   1 |  197.0 |
       Dungeon |    197 |    197 |      0 |      0 |    109 |   1 |  197.0 |
               +--------+--------+--------+--------+--------+-----+--------+

Top non-repeatable levels by time:
     D:1: 197 daAuts
